 Dungeon Crawl Stone Soup version 0.17-a0-1368-g6ab37f2 (webtiles) character file.

128 bal the Shooter (level 4, -3/36 HPs)
             Began as a Centaur Hunter on June 12, 2015.
             Slain by Sigmund
             ... wielding a cursed -3 scythe
              (10 damage)
             ... on level 3 of the Dungeon.
             The game lasted 00:08:02 (1912 turns).

bal the Shooter (Centaur Hunter)                    Turns: 1912, Time: 00:08:02

Health: -3/36      AC:  5    Str: 15      XL:     4   Next: 86%
Magic:  4/4        EV:  9    Int: 10      God:
Gold:   158        SH:  0    Dex:  7 (10) Spells: 0 memorised, 3 levels left

rFire  . . .     SeeInvis .     a - +2 shortbow
rCold  . . .     Clarity  .     d - +0 leather armour
rNeg   + . .     SustAt   .     (no shield)
rPois  .         Gourm    .     (no helmet)
rElec  .         Spirit   .     (no cloak)
rCorr  .         Warding  +     k - +0 pair of gloves
rMut   .         Stasis   .     (no barding)
MR     .....                    n - amulet of warding
Stlth  ..........               (no ring)
                                (no ring)

@: confused, very quick, not resistant to hostile enchantments, extremely
unstealthy
A: hooves 3, deformed body, speed 2, tough skin 3
a: no special abilities


You were on level 3 of the Dungeon.
You were not hungry.

You visited 1 branch of the dungeon, and saw 3 of its levels.

You collected 158 gold pieces.

Inventory:

Hand weapons
 a - a +2 shortbow (weapon)
 b - a +1 morningstar of protection
 c - a +0 short sword
 h - a +0 trident
Missiles
 f - 46 bolts
 o - 11 poisoned bolts
 p - an arrow (quivered)
Armour
 d - a +0 leather armour (worn)
 k - a +0 pair of gloves (worn)
Jewellery
 n - an amulet of warding (around neck)
Scrolls
 g - a scroll of identify
Potions
 m - 2 potions of degeneration
Comestibles
 e - 2 bread rations


   Skills:
 + Level 2.0 Fighting
 + Level 0.3 Polearms
 + Level 7.6 Bows
 + Level 0.5 Armour
 + Level 1.8 Dodging
 + Level 0.5 Stealth


You had 3 spell levels left.
You didn't know any spells.

Dungeon Overview and Level Annotations

Branches:
Dungeon (3/15)

Altars:

Annotations:
D:3 Sigmund


Innate Abilities, Weirdness & Mutations

You have hooves in place of feet.
Armour fits poorly on your strangely shaped body.
You cover ground very quickly.
You have extremely tough skin (AC +3).


Message History

Aim: Sigmund, wielding an enchanted scythe and wearing a robe (lightly wounded)
You shoot an arrow.
Sigmund hits you from afar with an enchanted scythe.
* * * LOW HITPOINT WARNING * * *
Firing (i - inventory):
p - 4 arrows (quivered)
Press: ? - help, Shift-Dir - straight line, f/p - Sigmund
Aim: Sigmund, wielding an enchanted scythe and wearing a robe (lightly wounded)
You shoot an arrow. Sigmund looks at you with fury. Sigmund barely misses you.
Firing (i - inventory):
p - 3 arrows (quivered)
Press: ? - help, Shift-Dir - straight line, f/p - Sigmund
Aim: Sigmund, wielding an enchanted scythe and wearing a robe (lightly wounded)
You shoot an arrow.
Firing (i - inventory):
p - 2 arrows (quivered)
Press: ? - help, Shift-Dir - straight line, f/p - Sigmund
Aim: Sigmund, wielding an enchanted scythe and wearing a robe (lightly wounded)
You shoot an arrow.
Sigmund hits you from afar with an enchanted scythe!
You die...

.# # @# .# ..
########.# ..##
#.. #......#.##...
#..###(.....#....#
#..........#..(#
###..........#@.#
............@†.#
#..........(##
#........#.##
#........#.#
#..........#
##...####...#
#...# #..... #...#
##.... ##..# ####


You could see Sigmund.

Vanquished Creatures
  An orc wizard (D:3)
  4 adders (D:2)
  2 oozes (D:1)
  2 worms (D:2)
  3 giant geckos (D:1)
  3 orcs (D:3)
  4 bats
  5 giant cockroaches
  4 hobgoblins
  3 jackals (D:2)
  4 giant newts
  4 goblins
  3 kobolds
  10 rats
52 creatures vanquished.

Notes
Turn   | Place    | Note
--------------------------------------------------------------
     0 | D:1      | bal the Centaur Hunter began the quest for the Orb.
     0 | D:1      | Reached XP level 1. HP: 17/17 MP: 1/1
   153 | D:1      | Reached XP level 2. HP: 21/24 MP: 2/2
   158 | D:1      | Reached skill level 6 in Bows
   465 | D:1      | Reached XP level 3. HP: 29/29 MP: 3/3
   964 | D:2      | Reached skill level 7 in Bows
  1251 | D:2      | Reached XP level 4. HP: 33/36 MP: 4/4
  1787 | D:3      | HP: 1/36 [something/magic dart (1)]
  1896 | D:3      | Noticed Sigmund
  1912 | D:3      | Slain by Sigmund

Vault maps used:
D:1:      denvon_arrival_planthouse
D:2:      kennysheep_generic_room_11
D:3:      portal_sewer_entry_b, nemelex_spade_bored_becter, uniq_sigmund,
          uniq_terence, uniq_iyjb, uniq_jessica

Action                   |  1- 3 |  4- 6 || total
-------------------------+-------+-------++-------
Melee: Trident           |       |    32 ||    32
       Morningstar       |       |     4 ||     4
 Fire: Shortbow          |   101 |    46 ||   147
  Use: Potion            |     3 |     4 ||     7
       Scroll            |       |     3 ||     3
  Eat: Chunk             |       |     2 ||     2
